 Dungeon Crawl Stone Soup version 0.28-a0-863-g8cecda6153 (webtiles) character file.

Game seed: 7210816945934052796

849 avis the Cleaver (level 8, -2/68 HPs)
             Began as a Hill Orc Fighter on Nov 18, 2021.
             Was a Follower of Beogh.
             Slain by a two-headed ogre (16 damage)
             ... on level 6 of the Dungeon.
             The game lasted 00:20:42 (6048 turns).

avis the Cleaver (Hill Orc Fighter)                 Turns: 6048, Time: 00:20:42

Health: -2/68      AC:  8    Str: 20    XL:     8   Next: 1%
Magic:  10/10      EV:  9    Int:  9    God:    Beogh [*.....]
Gold:   192        SH:  6    Dex: 10    Spells: 7/7 levels left

rFire   . . .      SeeInvis .   a - +0 war axe
rCold   . . .      Faith    .   A - +2 buckler
rNeg    . . .      Spirit   .   i - +0 scale mail
rPois   .          Reflect  .   m - +0 helmet
rElec   .          Harm     .   (no cloak)
rCorr   .          Rampage  .   (no gloves)
Will    .....                   (no boots)
Stlth   ..........              (no amulet)
HPRegen 0.21/turn               (no ring)
MPRegen 0.12/turn               (no ring)

@: no status effects
A: no striking features
a: Renounce Religion


You were on level 6 of the Dungeon.
You worshipped Beogh.
Beogh was aware of your devotion.
You visited 2 branches of the dungeon, and saw 7 of its levels.

You collected 192 gold pieces.

Inventory:

Hand Weapons
 a - a +0 war axe (weapon)
 b - a +0 hunting sling
 c - a +0 flail of protection
 q - a +0 halberd
 t - a +0 battleaxe
 v - a +2 short sword of venom
Missiles
 f - 136 stones
 g - 19 arrows
 j - 11 poisoned darts (quivered)
 l - 22 sling bullets
 p - a throwing net
Armour
 i - a +0 scale mail (worn)
 m - a +0 helmet (worn)
 A - a +2 buckler (worn)
Wands
 F - a wand of polymorph (7)
Scrolls
 e - a scroll of amnesia {unknown}
 h - a scroll of teleportation {unknown}
 n - 2 scrolls of magic mapping {unknown}
 o - a scroll of fear {unknown}
 r - a scroll of summoning {unknown}
 u - a scroll of holy word {unknown}
 x - a scroll of immolation {unknown}
 z - a scroll of enchant armour {unknown}
 E - a scroll of blinking {unknown}
Potions
 d - a potion of might
 k - 2 potions of heal wounds
 s - a potion of ambrosia
 w - 3 potions of curing
 C - a potion of berserk rage
 G - a potion of degeneration {unknown}


   Skills:
 - Level 5.0 Fighting
 * Level 10.1 Axes
 - Level 4.0 Armour
 - Level 3.2 Shields
 + Level 3.2 Invocations


You had 7 spell levels left.
You didn't know any spells.
Your spell library contained the following spells:

 Spells                   Type           Power      Damage    Failure   Level
 Shock                    Conj/Air       0%         1d3       77%         1
 Blink                    Tloc           0%         N/A       88%         2
 Ensorcelled Hibernation  Hex/Ice        0%         N/A       88%         2
 Dazzling Flash           Conj/Hex       0%         N/A       98%         3
 Gell's Gravitas          Tloc           0%         N/A       98%         3
 Lesser Beckoning         Tloc           0%         N/A       98%         3
 Swiftness                Air            0%         N/A       98%         3
 Teleport Other           Tloc           0%         N/A       98%         3
 Tukima's Dance           Hex            0%         N/A       98%         3
 Airstrike                Air            0%         N/A       100%        4
 Iskenderun's Mystic Bla  Conj/Tloc      0%         2d3       100%        4
 Manifold Assault         Tloc           0%         N/A       100%        5
 Dispersal                Tloc           0%         N/A       100%        6
 Starburst                Conj/Fire      0%         6d3       100%        6


Dungeon Overview and Level Annotations

Branches:
Dungeon (6/15)             Temple (1/1) D:4

Altars:
Elyvilon
Okawaru
Qazlal
Ru
Uskayaw
Wu Jian
Xom
The Shining One

Annotations:
D:4 1 runed translucent door, Crazy Yiuf


Message History

The adder closely misses you. The adder bites you but does no damage.
You hit the adder.
You kill the adder!
Beogh accepts your kill.
There is a stone staircase leading up here.
You climb upwards.
There is a stone staircase leading down here.
There is an open door here.
There is an escape hatch in the floor here.
There is a stone staircase leading down here.
You climb downwards.
The two-headed ogre shouts in stereo!
Found a stone staircase leading down.
There is a stone staircase leading up here.
You hit the two-headed ogre.
The two-headed ogre is lightly wounded.
You hit the two-headed ogre but do no damage.
The two-headed ogre is lightly wounded.
The two-headed ogre barely misses you. You block the two-headed ogre's attack.
You slash the two-headed ogre!
The two-headed ogre is lightly wounded.
The two-headed ogre barely misses you.
The two-headed ogre hits you with a +0 giant club!!
You barely miss the two-headed ogre.
The two-headed ogre is lightly wounded.
You block the two-headed ogre's attack. The two-headed ogre closely misses you.
You barely miss the two-headed ogre.
The two-headed ogre is lightly wounded.
The two-headed ogre barely misses you. x2
You hit the two-headed ogre but do no damage.
The two-headed ogre is lightly wounded.
You hit the two-headed ogre but do no damage.
The two-headed ogre is lightly wounded.
The two-headed ogre hits you with a +0 giant club!
The two-headed ogre hits you with a +0 giant club!!
* * * LOW HITPOINT WARNING * * *
The two-headed ogre hits you with a +0 giant club.
* * * LOW HITPOINT WARNING * * *
The two-headed ogre hits you with a +0 giant club!
You die...

#.....#
#.....#
#.....#
#.....#
#.....#
#.....#
#.....#
#@....#
#O....#
#.>...#
+.....#
#.....#
#.....#
#######


You could see a two-headed ogre.

Vanquished Creatures
  Duvessa (D:5)
  An ogre (D:5)
  2 scorpions (D:5)
  Dowan (D:5)
  A bullfrog zombie (D:5)
  A hound (D:4)
  A gnoll shaman (D:5)
  A bullfrog skeleton (D:4)
  3 iguanas
  A hound skeleton (D:5)
  10 gnolls
  7 adders
  An ufetubus (D:4)
  An adder zombie (D:5)
  An adder skeleton (D:4)
  5 worms
  4 dart slugs
  8 orcs
  8 ball pythons
  4 bats
  4 endoplasms
  5 giant cockroaches
  5 goblins
  8 hobgoblins
  7 jackals
  3 quokkas
  4 frilled lizards
  3 kobolds (D:2)
  7 rats
108 creatures vanquished.

Notes
Turn   | Place    | Note
-------+----------+-------------------------------------------
     0 | D:1      | avis the Hill Orc Fighter began the quest for the Orb.
     0 | D:1      | Reached XP level 1. HP: 19/19 MP: 1/1
   147 | D:1      | Reached skill level 3 in Axes
   197 | D:1      | Reached XP level 2. HP: 27/27 MP: 2/2
   555 | D:1      | Reached skill level 4 in Axes
   555 | D:1      | Reached XP level 3. HP: 33/33 MP: 3/3
  1028 | D:2      | Found a faded altar of an unknown god.
  1054 | D:2      | Reached XP level 4. HP: 18/40 MP: 4/4
  1459 | D:2      | Reached skill level 5 in Axes
  2474 | D:2      | You fall into a shaft and drop 2 floors!
  2520 | D:4      | Reached skill level 6 in Axes
  2520 | D:4      | Reached XP level 5. HP: 30/46 MP: 5/5
  2556 | D:3      | Became a worshipper of Beogh the Brigand
  2582 | D:3      | Found a glowing golden altar of the Shining One.
  3421 | D:4      | Reached skill level 7 in Axes
  3696 | D:4      | Reached XP level 6. HP: 43/52 MP: 6/6
  3768 | D:4      | Found a runed translucent door.
  3769 | D:4      | Noticed Crazy Yiuf
  3885 | D:4      | Found a stormy altar of Qazlal.
  3953 | D:4      | Found a staircase to the Ecumenical Temple.
  3959 | Temple   | Entered the Ecumenical Temple
  4130 | D:5      | Entered Level 5 of the Dungeon
  4436 | D:5      | Found a sacrificial altar of Ru.
  4436 | D:5      | Found an ornate altar of the Wu Jian Council.
  4570 | D:5      | Reached skill level 8 in Axes
  4591 | D:5      | Reached * piety under Beogh
  4656 | D:5      | Reached skill level 5 in Fighting
  4656 | D:5      | Reached XP level 7. HP: 55/61 MP: 7/7
  4685 | D:5      | Found a shimmering altar of Xom.
  4720 | D:5      | Found an iron altar of Okawaru.
  4858 | D:5      | Reached skill level 9 in Axes
  4858 | D:5      | Reached skill level 1 in Invocations
  5037 | D:5      | Noticed Duvessa
  5037 | D:5      | Noticed Dowan
  5047 | D:5      | Killed Dowan
  5049 | D:5      | Killed Duvessa
  5687 | D:5      | Reached skill level 10 in Axes
  5927 | D:6      | Reached XP level 8. HP: 61/68 MP: 10/10
  6040 | D:6      | Noticed a two-headed ogre
  6048 | D:6      | Slain by a two-headed ogre

Illustrated notes

Levels and vault maps discovered:
D:1:      eino_arrival_water_cross, layout_basic, minmay_unequal
D:2:      layout_basic, nicolae_ecumenical_snake_handling
D:3:      layout_rooms, mainiacjoe_overflow_brackets, minmay_between
D:4:      layout_rooms, mainiacjoe_overflow_surrounded_room,
          minmay_temple_entry_hall, eino_small_chamber_without_monster,
          uniq_crazy_yiuf_cottage
D:5:      layout_gridville, okawaru_gym_becter,
          mainiacjoe_overflow_large_starburst, mainiacjoe_overflow_24_doors,
          uniq_duvessa
D:6:      layout_gridville, mainiacjoe_overflow_six_doors_small,
          nicolae_take_the_stairs, hangedman_decor_clover_reticule
Temple:   dpeg_chambers_temple

Skill      XL: |  1  2  3  4  5  6  7 |
---------------+----------------------+-----
Axes           | 3 4 6 7 8 10 | 10.1
Fighting       | 4 5 |  5.0
Armour         | 4 |  4.0
Invocations    | 3 |  3.2
Shields        | |  3.2

Action                   |  1- 3 |  4- 6 |  7- 9 || total
-------------------------+-------+-------+-------++-------
Melee: War axe           |    71 |   225 |    80 ||   376
Throw: Dart              |       |       |     7 ||     7
Invok: Convert to Beogh  |       |     1 |       ||     1
  Use: Scroll            |       |     4 |     1 ||     5
Armor: Scale mail        |    33 |    86 |    10 ||   129
Dodge: Dodged            |    50 |   107 |    30 ||   187
Block: Buckler           |    13 |    68 |    30 ||   111

Table legend: (Time is in decaauts)
 A = Elapsed time spent in this place.
 B = Non-inter-level travel time spent in this place.
 C = Inter-level travel time spent in this place.
 D = Time resting spent in this place.
 E = Time spent auto-exploring this place.
 F = Levels seen in this place.
 G = Mean time per level.
                   A        B        C        D        E       F      G
               +--------+--------+--------+--------+--------+-----+--------+
         Total |   6137 |   5479 |    658 |   1881 |   2346 |   7 |  876.7 |
       Dungeon |   6121 |   5463 |    658 |   1881 |   2346 |   6 | 1020.2 |
        Temple |     15 |     15 |      0 |      0 |      0 |   1 |   15.0 |
               +--------+--------+--------+--------+--------+-----+--------+

Top non-repeatable levels by time:
     D:2: 1771 daAuts
     D:5: 1632 daAuts
     D:1: 1033 daAuts
     D:4: 870 daAuts
     D:3: 749 daAuts
     D:6: 63 daAuts
  Temple: 15 daAuts
